 Dungeon Crawl Stone Soup version 0.20.2-3-g29329e0561 (webtiles) character file.

588 Alfie the Cutter (level 7, 0/60 HPs)
             Began as a Hill Orc Fighter on Aug 17, 2022.
             Succumbed to an orc warrior's poison
             ... on level 4 of the Dungeon on Aug 18, 2022.
             The game lasted 00:11:24 (2798 turns).

Alfie the Cutter (Hill Orc Fighter)                 Turns: 2798, Time: 00:11:25

Health: 0/60       AC:  8    Str: 21    XL:     7   Next: 38%
Magic:  7/7        EV:  8    Int:  8    God:
Gold:   204        SH: 10    Dex: 10    Spells: 6/6 levels left

rFire    . . .     SeeInvis .   a - +1 rapier
rCold    . . .     Gourm    .   c - +0 shield
rNeg     . . .     Faith    .   b - +1 scale mail
rPois    .         Spirit   .   (no helmet)
rElec    .         Reflect  .   (no cloak)
rCorr    .         Harm     .   (no gloves)
MR       .....                  (no boots)
Stlth    ..........             (no amulet)
Regen    0.2/turn               (no ring)
MPRegen  0.1/turn               (no ring)

@: lethally poisoned (0 -> -9)
A: no striking features
a: no special abilities


You were on level 4 of the Dungeon.
You were not hungry.

You visited 1 branch of the dungeon, and saw 4 of its levels.

You collected 204 gold pieces.

Inventory:

Hand Weapons
 a - a +1 rapier (weapon)
Missiles
 q - 5 tomahawks (quivered)
Armour
 b - a +1 scale mail (worn)
 c - a +0 shield (worn)
Jewellery
 g - a +4 ring of intelligence
 j - an uncursed ring of positive energy
Scrolls
 h - a scroll of teleportation
 k - a scroll of remove curse
 n - 2 scrolls of identify
Potions
 d - a potion of might
 e - 2 potions of lignification {unknown}
 i - a potion of invisibility {unknown}
 l - a potion of ambrosia {unknown}
 m - 2 potions of curing {unknown}
 p - a potion of brilliance {unknown}
Comestibles
 f - 4 bread rations
 o - 2 meat rations
 r - 3 fruits


   Skills:
 + Level 4.9 Fighting
 + Level 5.1 Short Blades
 + Level 4.7 Armour
 + Level 1.8 Dodging
 + Level 0.1 Stealth
 + Level 4.9 Shields


You had 6 spell levels left.
You didn't know any spells.

Dungeon Overview and Level Annotations

Branches:
Dungeon (4/15)
 Temple: D:4-7

Altars:
Dithmenos
Fedhas
Kikubaaqudgha
Qazlal
Ru
Sif Muna
Uskayaw
Xom
The Shining One


Message History

You are poisoned.
You hit the orc warrior but do no damage.
* * * LOW HITPOINT WARNING * * *
You feel sick.
The orc warrior hits you with a battleaxe of venom.
* * * LOW HITPOINT WARNING * * *
You are more poisoned.
You barely miss the orc warrior.
* * * LOW HITPOINT WARNING * * *
You feel sick. You block the orc warrior's attack.
You hit the orc warrior.
The orc warrior is lightly wounded.
* * * LOW HITPOINT WARNING * * *
You feel sick.
You hit the orc warrior but do no damage.
The orc warrior is lightly wounded.
* * * LOW HITPOINT WARNING * * *
You feel sick.
You closely miss the orc.
You die...

##...## .#
##...## ..#
###...##
...##....##
........##
........#
........##
.......$o###
........@oo#
...#######......
... ###>.. .. #.


You could see an orc warrior and 2 orcs.

Vanquished Creatures
  A phantom (D:3)
  A bullfrog (D:4)
  2 vampire bats (D:3)
  A howler monkey (D:4)
  3 crimson imps (D:3)
  An orc wizard (D:3)
  A worker ant (D:4)
  Robin (D:4)
  A gnoll (D:3)
  3 adders
  3 worms
  A dart slug (D:1)
  2 leopard geckos
  8 orcs (D:3)
  4 bats
  2 bat skeletons (D:3)
  3 bat zombies (D:3)
  14 giant cockroaches
  12 goblins
  11 hobgoblins
  3 jackals (D:1)
  A quokka (D:3)
  7 frilled lizards
  3 kobolds
  4 rats
93 creatures vanquished.

Notes
Turn   | Place    | Note
-------+----------+-------------------------------------------
     0 | D:1      | Alfie the Hill Orc Fighter began the quest for the Orb.
     0 | D:1      | Reached XP level 1. HP: 19/19 MP: 1/1
   112 | D:1      | Reached XP level 2. HP: 21/27 MP: 2/2
   717 | D:2      | Found a glowing golden altar of the Shining One.
   758 | D:2      | Found a sacrificial altar of Ru.
   933 | D:2      | Reached XP level 3. HP: 33/33 MP: 3/3
  1002 | D:2      | Found a blossoming altar of Fedhas.
  1183 | D:2      | Found a shadowy altar of Dithmenos.
  1288 | D:2      | Found a deep blue altar of Sif Muna.
  1340 | D:2      | Reached XP level 4. HP: 39/40 MP: 4/4
  1731 | D:3      | Found an ancient bone altar of Kikubaaqudgha.
  1745 | D:3      | Reached skill level 3 in Short Blades
  1745 | D:3      | Reached XP level 5. HP: 43/46 MP: 5/5
  1936 | D:3      | Noticed a phantom
  1992 | D:3      | Killed a phantom
  1992 | D:3      | Reached skill level 1 in Dodging
  1992 | D:3      | Reached XP level 6. HP: 15/53 MP: 6/6
  2052 | D:3      | Found a hide-covered altar of Uskayaw.
  2161 | D:3      | Reached skill level 4 in Short Blades
  2162 | D:3      | Found a stormy altar of Qazlal.
  2358 | D:3      | Found a shimmering altar of Xom.
  2536 | D:4      | Reached XP level 7. HP: 53/60 MP: 7/7
  2565 | D:4      | Reached skill level 5 in Short Blades
  2628 | D:4      | Noticed Robin
  2686 | D:4      | Killed Robin
  2795 | D:4      | HP: 3/60 [poisoned by an orc warrior]
  2797 | D:4      | HP: 1/60 [poisoned by an orc warrior]
  2798 | D:4      | Succumbed to an orc warrior's poison

Skill      XL: |  1  2  3  4  5  6  7 |
---------------+----------------------+-----
Fighting       | 4 |  4.9
Shields        | 4 |  4.9
Short Blades   | 3 4 5 |  5.1
Armour         | 4 |  4.7
Dodging        | 1 |  1.8
Stealth        | |  0.1

Action                   |  1- 3 |  4- 6 |  7- 9 || total
-------------------------+-------+-------+-------++-------
Melee: Rapier            |   151 |   186 |    63 ||   400
  Use: Scroll            |     5 |     6 |       ||    11
       Potion            |       |       |     1 ||     1
  Eat: Royal jelly       |     1 |     2 |       ||     3
       Bread ration      |       |       |     1 ||     1
Armor: Scale mail        |    63 |   100 |    26 ||   189
Dodge: Dodged            |    37 |    83 |    16 ||   136
Block: Shield            |    73 |   112 |    27 ||   212
